 Dungeon Crawl Stone Soup version 0.29.1-1-gd02db6906a (webtiles) character file.

Game seed: 7597039307722545167

213 juncz the Chiller (level 5, -3/38 HPs)
             Began as a Gnoll Ice Elementalist on Sept 29, 2022.
             Killed by divine providence
             ... invoked by an orc priest
              (15 damage)
             ... on level 4 of the Dungeon.
             The game lasted 00:08:04 (3684 turns).

juncz the Chiller (Gnoll Ice Elementalist)          Turns: 3684, Time: 00:08:05

Health: -3/38      AC:  2    Str:  7    XL:     5   Next: 90%
Magic:  9/12       EV: 13    Int: 17    God:
Gold:   258        SH:  0    Dex: 12    Spells: 7/14 levels left

rFire   . . .      SeeInvis .   s - +1 short sword (holy)
rCold   . . .      Faith    .   (no shield)
rNeg    . . .      Spirit   .   a - +0 robe
rPois   .          Reflect  .   (no helmet)
rElec   .          Harm     .   (no cloak)
rCorr   .          Rampage  .   (no gloves)
Will    .....                   (no boots)
Stlth   +++.......              n - amulet of magic regeneration
HPRegen 0.12/turn               j - ring of flight
MPRegen 0.53/turn               v - ring of wizardry

@: flying
A: fangs 1, strong nose, distributed training
a: no special abilities


You were on level 4 of the Dungeon.
You visited 1 branch of the dungeon, and saw 4 of its levels.

You collected 258 gold pieces.

Inventory:

Hand Weapons
 g - a +0 dagger
 s - a +1 short sword of holy wrath (weapon)
 w - the +1 dagger of Honour {holy, rF++ rC- Dex+2}
   (You found it on level 4 of the Dungeon)

   It has been blessed by the Shining One to cause great damage to the undead
   and demons.
   Dex:       It affects your dexterity (+2).
   rF:        It greatly protects you from fire.
   rC:        It makes you vulnerable to cold.
Missiles
 q - 24 stones (quivered)
Armour
 a - a +0 robe (worn)
Jewellery
 j - a ring of flight (left hand)
 m - an amulet of regeneration
 n - an amulet of magic regeneration (around neck)
 v - a ring of wizardry (right hand)
Scrolls
 c - a scroll of enchant weapon {unknown}
 e - 2 scrolls of blinking {unknown}
 h - 2 scrolls of fear {unknown}
 i - 3 scrolls of identify {unknown}
 k - a scroll of silence {unknown}
 l - a scroll of summoning {unknown}
 p - a scroll of vulnerability {unknown}
 r - a scroll of noise {unknown}
 u - a scroll of teleportation {unknown}
Potions
 b - a potion of magic
 d - 3 potions of flight {unknown}
 f - 3 potions of attraction {unknown}
 o - a potion of heal wounds {unknown}
 t - a potion of curing {unknown}


   Skills:
 + Level 1.8 Fighting
 + Level 1.8 Short Blades
 + Level 1.8 Long Blades
 + Level 1.8 Axes
 + Level 1.8 Maces & Flails
 + Level 1.8 Polearms
 + Level 1.8 Staves
 + Level 1.8 Ranged Weapons
 + Level 1.8 Throwing
 + Level 1.8 Armour
 + Level 4.9 Dodging
 + Level 4.5 Stealth
 + Level 1.8 Shields
 + Level 1.8 Unarmed Combat
 + Level 5.3 Spellcasting
 + Level 1.4 Conjurations
 + Level 1.4 Hexes
 + Level 1.4 Summonings
 + Level 1.4 Necromancy
 + Level 1.4 Translocations
 + Level 1.4 Transmutations
 + Level 1.4 Fire Magic
 + Level 7.2 Ice Magic
 + Level 1.4 Air Magic
 + Level 1.4 Earth Magic
 + Level 1.4 Poison Magic
 + Level 2.0 Invocations
 + Level 1.8 Evocations


You had 7 spell levels left.
You knew the following spells:

 Your Spells              Type           Power      Damage    Failure   Level
a - Freeze                Ice            100%       1d11      1%          1
b - Frozen Ramparts       Ice            58%        1d9       1%          3
c - Ozocubu's Armour      Ice            29%        N/A       1%          3

Your spell library contained the following spells:

 Spells                   Type           Power      Damage    Failure   Level
 Ensorcelled Hibernation  Hex/Ice        38%        N/A       1%          2
 Slow                     Hex            36%        N/A       3%          1
 Passwall                 Tmut/Erth      7%         N/A       4%          2
 Hailstorm                Conj/Ice       19%        3d6       9%          4
 Confusing Touch          Hex            9%         N/A       10%         3
 Swiftness                Air            9%         N/A       10%         3
 Vampiric Draining        Necr           9%         2d6       10%         3
 Corpse Rot               Necr/Pois/Air  9%         N/A       30%         4
 Dispel Undead            Necr           9%         3d8       30%         4
 Death Channel            Necr           4%         N/A       99%         6


Dungeon Overview and Level Annotations

Branches:
Dungeon (4/15)
 Temple: D:4-7

Altars:
Okawaru


Innate Abilities, Weirdness & Mutations

You have very sharp teeth.
Your uncanny sense of smell can sniff out nearby items.
Your experience applies equally to all skills.


Message History

The iguana seems to slow down.
Casting: Freeze (safe; 1% risk of failure)
Confirm with . or Enter, or press ? or * to list all spells.
Aiming: Freeze (safe; 1% risk of failure)
Press: ? - help, Shift-Dir - straight line, f/p - iguana
Aim: an iguana (heavily wounded, slow)
You freeze the iguana.
The iguana is severely wounded.
The iguana bites you!
Casting: Freeze (safe; 1% risk of failure)
Confirm with . or Enter, or press ? or * to list all spells.
Aiming: Freeze (safe; 1% risk of failure)
Press: ? - help, Shift-Dir - straight line, f/p - iguana
Aim: an iguana (severely wounded, slow)
You freeze the iguana.
The iguana is almost dead.
An orc priest comes into view. It is wielding a +0 dagger.
The iguana barely misses you.
Casting: Freeze (safe; 1% risk of failure)
Confirm with . or Enter, or press ? or * to list all spells.
Aiming: Freeze (safe; 1% risk of failure)
Press: ? - help, Shift-Dir - straight line, f/p - iguana
Aim: an iguana (almost dead, slow)
You freeze the iguana.
The iguana is almost dead.
The iguana seems to slow down.
The orc priest shouts!
The orc priest calls down the wrath of Beogh upon you.
Beogh smites you!
Casting: Freeze (safe; 1% risk of failure)
Confirm with . or Enter, or press ? or * to list all spells.
Aiming: Freeze (safe; 1% risk of failure)
Press: ? - help, Shift-Dir - straight line, f/p - iguana
Aim: an iguana (almost dead, slow)
You freeze the iguana!
You kill the iguana!
Your Invocations skill increases to level 2!
The orc priest mumbles some strange prayers to Beogh against you.
Beogh smites you!
You die...

#######.###......#
.........##......#
#######..........#
######.####.....#
.........###.....#
#............#.#.#
#.#####..###.#.#.#
#..###.#.# #
####..##@...#
......†.....#
.o.##..#...##
.............#
........>.#####
......[####
....... .......
.....#.


You could see an orc priest (reflecting).

Vanquished Creatures
  An orc priest (D:3)
  An iguana (D:4)
  An orc wizard (D:4)
  3 adders
  2 worms
  13 orcs
  7 ball pythons
  7 endoplasms
  2 giant cockroaches
  5 goblins
  9 hobgoblins
  10 jackals (D:1)
  3 kobolds
  2 quokkas
  8 bats
  6 frilled lizards
  4 rats
84 creatures vanquished.

Notes
Turn   | Place    | Note
-------+----------+-------------------------------------------
     0 | D:1      | juncz the Gnoll Ice Elementalist began the quest for the
                  | Orb.
     0 | D:1      | Reached XP level 1. HP: 13/13 MP: 6/6
   111 | D:1      | Reached XP level 2. HP: 18/19 MP: 2/7
   352 | D:1      | Reached skill level 5 in Spellcasting
   352 | D:1      | Reached XP level 3. HP: 24/25 MP: 1/9
   356 | D:1      | Learned a level 3 spell: Frozen Ramparts
   360 | D:1      | Learned a level 3 spell: Ozocubu's Armour
   719 | D:1      | Found a faded altar of an unknown god.
   916 | D:2      | Reached skill level 1 in Invocations
  1152 | D:2      | Reached skill level 1 in Fighting
  1152 | D:2      | Reached skill level 1 in Short Blades
  1152 | D:2      | Reached skill level 1 in Long Blades
  1152 | D:2      | Reached skill level 1 in Axes
  1152 | D:2      | Reached skill level 1 in Maces & Flails
  1152 | D:2      | Reached skill level 1 in Polearms
  1152 | D:2      | Reached skill level 1 in Staves
  1152 | D:2      | Reached skill level 1 in Ranged Weapons
  1152 | D:2      | Reached skill level 1 in Throwing
  1152 | D:2      | Reached skill level 1 in Armour
  1152 | D:2      | Reached skill level 1 in Shields
  1152 | D:2      | Reached skill level 1 in Unarmed Combat
  1152 | D:2      | Reached skill level 1 in Evocations
  1527 | D:2      | Reached XP level 4. HP: 32/32 MP: 8/11
  2334 | D:3      | Found an iron altar of Okawaru.
  2489 | D:3      | Reached skill level 1 in Conjurations
  2489 | D:3      | Reached skill level 1 in Hexes
  2489 | D:3      | Reached skill level 1 in Summonings
  2489 | D:3      | Reached skill level 1 in Necromancy
  2489 | D:3      | Reached skill level 1 in Translocations
  2489 | D:3      | Reached skill level 1 in Transmutations
  2489 | D:3      | Reached skill level 1 in Fire Magic
  2489 | D:3      | Reached skill level 1 in Air Magic
  2489 | D:3      | Reached skill level 1 in Earth Magic
  2489 | D:3      | Reached skill level 1 in Poison Magic
  2923 | D:3      | Reached XP level 5. HP: 37/37 MP: 7/12
  3567 | D:4      | Identified the +1 dagger of Honour {holy, rF++ rC- Dex+2}
  3684 | D:4      | Killed from afar by an orc priest

Illustrated notes

Levels and vault maps discovered:
D:1:      eino_arrival_water_star, layout_rooms, basic_ecumenical_altar
D:2:      layout_basic, grunt_decor_mini_mirrors
D:3:      layout_basic, okawaru_trees_1, hex_large, minmay_misc_feat_tiny,
          minivault_24
D:4:      layout_loops_ring, minmay_temple_entry_tees, uniq_crazy_yiuf_cottage

Skill      XL: |  1  2  3  4  5 |
---------------+----------------+-----
Spellcasting   | 5 |  5.3
Invocations    | 1 2 |  2.0
Fighting       | 1 |  1.8
Short Blades   | 1 |  1.8
Long Blades    | 1 |  1.8
Axes           | 1 |  1.8
Maces & Flails | 1 |  1.8
Polearms       | 1 |  1.8
Staves         | 1 |  1.8
Ranged Weapons | 1 |  1.8
Throwing       | 1 |  1.8
Armour         | 1 |  1.8
Shields        | 1 |  1.8
Unarmed Combat | 1 |  1.8
Evocations     | 1 |  1.8
Conjurations   | 1 |  1.4
Hexes          | 1 |  1.4
Summonings     | 1 |  1.4
Necromancy     | 1 |  1.4
Translocations | 1 |  1.4
Transmutations | 1 |  1.4
Fire Magic     | 1 |  1.4
Air Magic      | 1 |  1.4
Earth Magic    | 1 |  1.4
Poison Magic   | 1 |  1.4
Dodging        | |  4.9
Stealth        | |  4.5
Ice Magic      | |  7.2

Action                   |  1- 3 |  4- 6 || total
-------------------------+-------+-------++-------
Melee: Unarmed           |    13 |       ||    13
       Bite              |     2 |       ||     2
       Dagger            |     2 |     3 ||     5
       Short sword       |       |     4 ||     4
Throw: Stone             |    10 |       ||    10
 Cast: Freeze            |    55 |    50 ||   105
       Frozen Ramparts   |     1 |     7 ||     8
       Ozocubu's Armour  |       |     1 ||     1
 Stab: Sleeping          |     1 |     2 ||     3
Armor: Robe              |     9 |     4 ||    13
Dodge: Dodged            |    36 |    22 ||    58
